 Dungeon Sprint DCSS version 0.17-a0-1468-gbf503c2 (webtiles) character file.

536 pulse the Blocker (level 7, -1/63 HPs)
             Began as a Formicid Fighter on July 1, 2015.
             Was a Follower of Trog.
             Slain by a hippogriff (5 damage)
             ... in the Dungeon (Sprint IX: "|||||||||||||||||||||||||||||").
             The game lasted 00:01:13 (398 turns).

pulse the Blocker (Formicid Fighter)                 Turns: 398, Time: 00:01:13

Health: -1/63      AC: 14    Str: 22    XL:     7   Next: 50%
Magic:  7/7        EV: 11    Int:  8    God:    Trog [*.....]
Gold:   0          SH: 12    Dex: 10    Spells: 0 memorised, 6 levels left

rFire  . . .     SeeInvis +     a - +0 long sword
rCold  . . .     Clarity  .     p - +1 chain mail
rNeg   . . .     SustAt   .     c - +0 shield
rPois  .         Gourm    .     (helmet unavailable)
rElec  .         Spirit   .     (no cloak)
rCorr  .         Warding  .     (no gloves)
rMut   .         Stasis   +     (no boots)
MR     .....                    (no amulet)
Stlth  ..........               r - +2 ring of evasion
                                q - +2 ring of protection

@: not resistant to hostile enchantments, extremely unstealthy
A: permanent stasis, dig shafts and tunnels, four strong arms, antennae 3
a: Dig, Burn Spellbooks, Renounce Religion


You were in the Dungeon.
You worshipped Trog.
Trog was aware of your devotion.
You were not hungry.

You visited 1 branch

Inventory:

Hand weapons
 a - a +0 long sword (weapon)
Armour
 b - a +0 scale mail
 c - a +0 shield (worn)
 p - a +1 chain mail (worn)
Jewellery
 q - a +2 ring of protection (left hand)
 r - a +2 ring of evasion (right hand)
Magical devices
 o - a wand of draining (7)
Scrolls
 k - 2 scrolls of blinking
 m - 3 scrolls of remove curse
 n - 2 scrolls of amnesia
Potions
 d - a potion of might
 f - 2 potions of curing
 g - a potion of heal wounds
 h - a potion of haste
 i - 4 potions of magic
 j - a potion of berserk rage
 l - a potion of invisibility
Comestibles
 e - a bread ration


   Skills:
 + Level 8.6 Fighting
 + Level 6.7 Long Blades
 + Level 8.9 Armour
 + Level 3.0 Dodging
 + Level 10.3 Shields


You had 6 spell levels left.
You didn't know any spells.

Dungeon Overview and Level Annotations

Branches:
Dungeon (1/1)

Altars:
Cheibriados
Dithmenos
Elyvilon
Fedhas
Gozag
Kikubaaqudgha
Makhleb
Nemelex Xobeh
Okawaru
Qazlal
Ru
Sif Muna
Trog
Vehumet
Xom
Yredelemnul
Zin
The Shining One
Beogh
Jiyva
Lugonu


Innate Abilities, Weirdness & Mutations

You are under a permanent stasis effect.
You can dig through walls and to a lower floor.
Your four strong arms can wield two-handed weapons with a shield.
You have a pair of large antennae on your head (SInv).


Message History

You barely miss the hippogriff.
The hippogriff is moderately wounded.
The hippogriff barely misses you. You block the hippogriff's attack.
The hippogriff barely misses you. You block the hippogriff's attack.
The hippogriff pecks you but does no damage.
You block the hippogriff's attack.
You closely miss the hippogriff.
The hippogriff is moderately wounded.
You block the hippogriff's attack. The hippogriff pecks you.
* * * LOW HITPOINT WARNING * * *
The hippogriff misses you.
You slash the hippogriff!
The hippogriff is heavily wounded.
The hippogriff bites you but does no damage.
You block the hippogriff's attack. The hippogriff barely misses you.
You hit the hippogriff but do no damage.
The hippogriff is heavily wounded.
The hippogriff barely misses you. You block the hippogriff's attack.
The hippogriff claws you.
You die...

{
▓'▓
{
▓.▓
▓.▓
{
▓|▓
{
▓)▓
{
▓[▓
{
▓[▓
{
▓)▓
{
▓@▓
{
▓H▓
{
▓'▓
▓.▓
▓.▓
▓.▓
{
▓.▓
▓.▓
▓.▓


You could see a hippogriff.

Vanquished Creatures
  A wraith (D)
  A yak (D)
  A deep elf mage (D)
  A scorpion (D)
  An iguana (D)
  An adder skeleton (D)
  2 orcs (D)
  2 goblins (D)
  A hobgoblin (D)
  A ball python (D)
  A giant cockroach zombie (D)
  A giant newt (D)
  A rat (D)
15 creatures vanquished.

Notes
Turn   | Place    | Note
--------------------------------------------------------------
     0 | D        | pulse the Formicid Fighter began the quest for the Orb.
     0 | D        | Reached XP level 1. HP: 18/18 MP: 1/1
    10 | D        | Reached skill level 4 in Armour
    18 | D        | Noticed an iguana
    21 | D        | Reached XP level 2. HP: 21/25 MP: 2/2
    42 | D        | Killed an iguana
    42 | D        | Reached skill level 5 in Fighting
    42 | D        | Reached skill level 5 in Armour
    42 | D        | Reached skill level 5 in Shields
    42 | D        | Reached XP level 3. HP: 12/33 MP: 3/3
   161 | D        | Found a glowing silver altar of Zin.
   161 | D        | Found a glowing golden altar of the Shining One.
   161 | D        | Found an ancient bone altar of Kikubaaqudgha.
   161 | D        | Found a basalt altar of Yredelemnul.
   161 | D        | Found a shimmering altar of Xom.
   161 | D        | Found a radiant altar of Vehumet.
   194 | D        | Found an iron altar of Okawaru.
   221 | D        | Found a burning altar of Makhleb.
   230 | D        | Found a deep blue altar of Sif Muna.
   231 | D        | Found a bloodstained altar of Trog.
   232 | D        | Found a sparkling altar of Nemelex Xobeh.
   233 | D        | Found a white marble altar of Elyvilon.
   234 | D        | Found a roughly hewn altar of Beogh.
   235 | D        | Found a viscous altar of Jiyva.
   236 | D        | Found a corrupted altar of Lugonu.
   237 | D        | Found a blossoming altar of Fedhas.
   238 | D        | Found a snail-covered altar of Cheibriados.
   239 | D        | Found a shadowy altar of Dithmenos.
   240 | D        | Found a stormy altar of Qazlal.
   241 | D        | Found an opulent altar of Gozag.
   242 | D        | Found a sacrificial altar of Ru.
   275 | D        | Became a worshipper of Trog the Wrathful
   322 | D        | Noticed a scorpion
   322 | D        | Noticed a deep elf mage
   322 | D        | Noticed a yak
   322 | D        | Noticed a wraith
   322 | D        | Noticed a hippogriff
   336 | D        | Killed a scorpion
   336 | D        | Reached skill level 6 in Fighting
   336 | D        | Reached skill level 1 in Dodging
   336 | D        | Reached XP level 4. HP: 30/40 MP: 4/4
   338 | D        | Reached XP level 5. HP: 35/46 MP: 5/5
   356 | D        | Killed a yak
   356 | D        | Acquired Trog's first power
   356 | D        | Reached skill level 7 in Fighting
   356 | D        | Reached skill level 5 in Long Blades
   356 | D        | Reached skill level 8 in Shields
   356 | D        | Reached XP level 6. HP: 28/55 MP: 6/6
   375 | D        | Killed a deep elf mage
   375 | D        | Reached skill level 9 in Shields
   375 | D        | Reached XP level 7. HP: 28/62 MP: 7/7
   387 | D        | Killed a wraith
   387 | D        | Reached skill level 10 in Shields
   398 | D        | Slain by a hippogriff

Vault maps used:
D:        linesprint

Action                   |  1- 3 |  4- 6 |  7- 9 || total
-------------------------+-------+-------+-------++-------
Melee: Long sword        |    44 |    34 |    23 ||   101
  Use: Potion            |     1 |     4 |       ||     5
